[Event "*** Titled Tuesday Blitz"]
[Site "Chess.com"]
[Date "2021.03.02"]
[Round "3"]
[White "BahadirOzen"]
[Black "NikolaGry"]
[Result "1/2-1/2"]
[WhiteElo "2793"]
[BlackElo "2609"]
[TimeControl "180+1"]
[EndTime "10:25:53 PST"]
[Termination "Game drawn by agreement"]

1. g3 d5 2. Bg2 c6 3. Nf3 Nf6 4. O-O Bg4 5. c4 Bxf3 6. Bxf3 e6 7.
d3 Nbd7 8. cxd5 cxd5 9. Nc3 Bb4 10. Bd2 O-O 11. a3 Bc5 12. Rc1 Rc8 13. b4 Be7 14. Qb3 a6 15. Bg2 Ne5 16. Na4 Ned7 17. Rxc8 Qxc8 18. Rc1 Qb8 19. Qc2 Bd6 20. h3 h6 21. Be3 b5 22. Nb2 Nb6 23. Qb3 Rc8 24. Rxc8+ Nxc8 25. Qc2 Ne7 1/2-1/2

[Event "*** Titled Tuesday Blitz"]
[Site "Chess.com"]
[Date "2021.03.02"]
[Round "3"]
[White "andrzej"]
[Black "wadsy27"]
[Result "0-1"]
[WhiteElo "2338"]
[BlackElo "2542"]
[TimeControl "180+1"]
[EndTime "10:26:00 PST"]
[Termination "wadsy27 won by resignation"]

1. e4 c5 2. Nc3 e6 3. f4 Nc6 4.
Nf3 a6 5. d4 cxd4 6. Nxd4 Nxd4 7. Qxd4 Qc7 8. Be3 b5 9. O-O-O Bb7 10. Bd3 Rc8 11. Rhe1 Ne7 12. Kb1 Nc6 13. Qb6 Qxb6 14.
Bxb6 Bb4 15. e5 Bxc3 16. bxc3 Ne7 17. Kb2 Nd5 18. Bd4 Nxf4 19. Be4 Bxe4 20. Rxe4 Nd5 21. Rd3 O-O 22. Rg4 Rc4 23. Rdg3 g6 24. h4 Rfc8 25. h5 b4 26. cxb4 Rxc2+ 27. Kb3 Rc1 28. Bc5 a5 29. hxg6 fxg6 30. a3 axb4 31. axb4 Rb1+ 32. Kc4 Rxb4+ 33. Kd3 Rxc5 34. Rxb4 Nxb4+ 35. Kd4 Rd5+ 36. Kc4 Nc6 0-1

[Event "*** Titled Tuesday Blitz"]
[Site "Chess.com"]
[Date "2021.03.02"]
[Round "3"]
[White "saikrishnaReturns"]
[Black "Chernov_Alexander_A"]
[Result "1-0"]
[WhiteElo "2641"]
[BlackElo "2292"]
[TimeControl "180+1"]
[EndTime "10:26:03 PST"]
[Termination "saikrishnaReturns won by resignation"]

1. e4 c6 2. Nc3 d5 3. Nf3 Bg4 4.
h3 Bxf3 5. Qxf3 Nf6 6. e5 Nfd7 7. d4 e6 8. Be3 c5 9. dxc5 Nc6 10. Bb5 Ndxe5 11. Qg3 Nd7 12. O-O-O a6 13. Ba4 Qa5 14. Rhe1 O-O-O 15. Bg5 f6 16. Bxc6 bxc6 17. Rxe6 fxg5 18. Rxc6+ Kb7 19. Nxd5 Kxc6 20. b4 Qxa2 21. Qc7+ Kb5 22. Qb7+ Kc4 23. Ne3+ 1-0

[Event "*** Titled Tuesday Blitz"]
[Site "Chess.com"]
[Date "2021.03.02"]
[Round "3"]
[White "Mikedannnn"]
[Black "kai_nov"]
[Result "1-0"]
[WhiteElo "2575"]
[BlackElo "2390"]
[TimeControl "180+1"]
[EndTime "10:26:05 PST"]
[Termination "Mikedannnn won by resignation"]

1. e4 c5 2. Nf3 Nc6 3. Bb5 e5 4. c3 Bd6 5. Na3 Nf6 6. Nc4 Bc7 7. d4 exd4 8. cxd4 cxd4 9. Bg5 h6 10. Bh4 g5 11.
Nxg5 d5 12. exd5 Qxd5 13. Qe2+ Kd8 14. Ne4 Re8 15. Bxf6+ Kd7 16. Ncd2 d3 17. Bxd3 Bf4 18. Qg4+ Kc7 19. Qxf4+ Kb6 20. Nc4+ 1-0

[Event "*** Titled Tuesday Blitz"]
[Site "Chess.com"]
[Date "2021.03.02"]
[Round "3"]
[White "KarateBaby"]
[Black "lucachess49"]
[Result "0-1"]
[WhiteElo "2202"]
[BlackElo "2406"]
[TimeControl "180+1"]
[EndTime "10:26:09 PST"]
[Termination "lucachess49 won by checkmate"]

1. Nf3 Nf6 2. c4 e6 3. Nc3 d5 4. e3 c5 5. cxd5 exd5 6. d4 Nc6 7. Bb5 Bg4 8. O-O a6 9. Bxc6+ bxc6 10. dxc5 Bxc5 11.
h3 Bh5 12. b3 O-O 13. Bb2 Rc8 14. Rc1 Ba7 15. Ne2 Bb8 16. Nfd4 Qd6 17. g3 Qd7 18.
Kh2 c5 19. Nc2 Rc6 20. Qd2 Ne4 21. Qd3 Bf3 22. Nf4 Bxf4 23. exf4 Qxh3+ 24. Kxh3 Rh6# 0-1

[Event "*** Titled Tuesday Blitz"]
[Site "Chess.com"]
[Date "2021.03.02"]
[Round "3"]
[White "NiranjanNavalgund"]
[Black "Margency"]
[Result "0-1"]
[WhiteElo "2429"]
[BlackElo "2687"]
[TimeControl "180+1"]
[EndTime "10:26:13 PST"]
[Termination "Margency won by resignation"]

1. d4 Nf6 2. c4 g6 3. Nc3 d5 4.
e3 Bg7 5. Nf3 O-O 6. Bd2 c5 7.
dxc5 Na6 8. cxd5 Nxc5 9. Bc4 a6 10. a4 b6 11. O-O Bb7 12. Be1 Rc8 13. Rc1 Qd7 14. b4 Nce4 15. Nxe4 Nxe4 16. Qb3 b5 17. axb5 axb5 18. Qb1 bxc4 19. Qxe4 Bxd5 20. Qf4 c3 21. e4 Bc4 22. Ne5 Bxe5 23. Qxe5 Bxf1 24. Kxf1 c2 25. Kg1 Rfd8 26. h4 Qd1 27. Qf4 Qxc1 28. Qxc1 Rd1 0-1

[Event "*** Titled Tuesday Blitz"]
[Site "Chess.com"]
[Date "2021.03.02"]
[Round "3"]
[White "elohunter1999"]
[Black "ChessFighter1975"]
[Result "1-0"]
[WhiteElo "2630"]
[BlackElo "2345"]
[TimeControl "180+1"]
[EndTime "10:26:14 PST"]
[Termination "elohunter1999 won by resignation"]

1. Nf3 Nf6 2. c4 g6 3. Nc3 Bg7 4. e4 d6 5. d4 O-O 6. Be2 Na6 7. O-O e5 8. Be3 Ng4 9. Bg5 Qe8 10. Re1 h6 11. Bh4 exd4 12. Nxd4 Qe5 13. Nf3 Qc5 14.
h3 Nf6 15. a3 Re8 16. b4 Qb6 17. Bxf6 Bxf6 18. Nd5 Bxa1 19. Nxb6 axb6 20. Qxa1 Be6 21. Qc3 Nb8 22. Nd4 Nd7 23. f4 Nf6 24. Bf3 Bd7 25.
e5 dxe5 26. fxe5 Nh7 27. e6 Bxe6 28. Nxe6 Rxe6 29. Rxe6 fxe6 30. Bxb7 Rd8 31. a4 1-0

[Event "*** Titled Tuesday Blitz"]
[Site "Chess.com"]
[Date "2021.03.02"]
[Round "3"]
[White "GOGIEFF"]
[Black "SamuelGhimpu2003"]
[Result "1-0"]
[WhiteElo "2897"]
[BlackElo "2649"]
[TimeControl "180+1"]
[EndTime "10:26:15 PST"]
[Termination "GOGIEFF won by resignation"]

1. d4 Nf6 2. c4 g6 3. Nc3 d5 4.
Nf3 Bg7 5. cxd5 Nxd5 6. Bd2 O-O 7. Rc1 Nb6 8. Bg5 Bg4 9. e3 Nc6 10. Be2 Qd6 11. O-O Rfe8 12. h3 Bxf3 13. Bxf3 e5 14.
d5 Nb4 15. Nb5 Qd7 16. Nxc7 e4 17. Bg4 Qd6 18. Nxa8 Rxa8 19. Bf4 Qf6 20. d6 Nd3 21.
Rc7 Nd5 22. Qb3 N3xf4 23. exf4 Qxd6 24. Rd7 1-0

[Event "*** Titled Tuesday Blitz"]
[Site "Chess.com"]
[Date "2021.03.02"]
[Round "3"]
[White "MendozaDavid2000"]
[Black "catzapto"]
[Result "1-0"]
[WhiteElo "2343"]
[BlackElo "2053"]
[TimeControl "180+1"]
[EndTime "10:26:24 PST"]
[Termination "MendozaDavid2000 won by resignation"]

1. d4 Nf6 2. c4 e6 3. Nc3 Bb4 4. Qc2 c6 5. a3 Ba5 6. Bg5 h6 7. Bh4 g5 8. Bg3 d5 9. e3 Ne4 10. Bd3 Nxg3 11. hxg3 dxc4 12. Bxc4 b5 13. Bd3 Bb7 14. Nf3 a6 15. b4 Bc7 16. Ne4 Nd7 17.
Nexg5 c5 18. bxc5 Ba5+ 19. Ke2 Qf6 20. Ne4 Bxe4 21. Bxe4 Rc8 22. Qd3 h5 23. a4 Rd8 24.
axb5 Nxc5 25. Bc6+ Kf8 26. Qa3 Qf5 27. Qxc5+ Qxc5 28. dxc5 Bb4 29. Rhc1 a5 30. b6 h4 31. gxh4 Rg8 32. g3 e5 33. Nxe5 Rd2+ 34. Kf3 Rg6 35.
Nxg6+ fxg6 36. b7 Kg7 37. b8=Q Bxc5 38. Rxc5 a4 39. Qe5+ Kh6 40. h5 a3 41. Qg5+ Kh7 42. Qxg6+ Kh8 43. Be4 Rxf2+ 44. Kxf2 1-0

[Event "*** Titled Tuesday Blitz"]
[Site "Chess.com"]
[Date "2021.03.02"]
[Round "3"]
[White "sbouchet"]
[Black "akanga001"]
[Result "1-0"]
[WhiteElo "2341"]
[BlackElo "1955"]
[TimeControl "180+1"]
[EndTime "10:26:25 PST"]
[Termination "sbouchet won by resignation"]

1. e4 c6 2. Nc3 d5 3. Nf3 dxe4 4.
Nxe4 Nf6 5. Qe2 Bf5 6. Nxf6+ gxf6 7. d3 e6 8. g3 Bg4 9. h3 Bh5 10. g4 Bg6 11. Bg2 Qb6 12. Be3 Qa5+ 13. Bd2 Qa6 14. Bc3 Nd7 15. Nh4 O-O-O 16. f4 f5 17. Bxh8 fxg4 18. hxg4 Be7 19. Nxg6 hxg6 20. Bc3 Nc5 21. a3 Na4 22. Be5 f6 23. Bxf6 Bxf6 24. Qxe6+ Kb8 25. Qxf6 Re8+ 26. Be4 Nc5 27. Qd6+ Ka8 28. Qxc5 Qa5+ 29.
Qxa5 1-0

[Event "*** Titled Tuesday Blitz"]
[Site "Chess.com"]
[Date "2021.03.02"]
[Round "3"]
[White "stepakyedael"]
[Black "JiiHart"]
[Result "1-0"]
[WhiteElo "2334"]
[BlackElo "2084"]
[TimeControl "180+1"]
[EndTime "10:26:26 PST"]
[Termination "stepakyedael won by resignation"]

1. d4 Nf6 2. c4 e6 3. Nf3 c5 4. d5 exd5 5. cxd5 d6 6. Nc3 g6 7. e4 Bg7 8. Bb5+ Bd7 9. a4 Bxb5 10. axb5 O-O 11. O-O Nbd7 12. h3 a6 13. Bf4 Qe7 14. Re1 Rfe8 15. Qc2 Nh5 16. Bh2 Ne5 17. Nd2 Bh6 18. Ne2 axb5 19. Rxa8 Rxa8 20. f4 Nc4 21.
Nxc4 bxc4 22. Qxc4 Qd7 23. g4 Ra4 24. Qc2 Rb4 25.
gxh5 Rxb2 26. Qxb2 1-0

[Event "*** Titled Tuesday Blitz"]
[Site "Chess.com"]
[Date "2021.03.02"]
[Round "3"]
[White "Atco84"]
[Black "Lagmantr"]
[Result "0-1"]
[WhiteElo "2432"]
[BlackElo "2734"]
[TimeControl "180+1"]
[EndTime "10:26:30 PST"]
[Termination "Lagmantr won on time"]

1. b3 Nc6 2. Bb2 e5 3. Nf3 d6 4.
c4 Nf6 5. e3 Bg4 6. Be2 g6 7.
d4 e4 8. Nfd2 Bxe2 9. Qxe2 Bg7 10. O-O O-O 11. Nc3 Re8 12. f4 exf3 13. Qxf3 Qd7 14.
Rae1 h6 15. h3 Rad8 16. a3 Re7 17. Nd5 Nxd5 18. cxd5 Nb8 19. e4 Rde8 20. Nc4 b5 21. Nd2 c6 22. dxc6 Nxc6 23. Qd3 f5 24. Qxb5 Nxd4 25.
Qd5+ Qe6 26. Qxe6+ Rxe6 27. Kh1 fxe4 28. Nc4 e3 29.
Bxd4 Bxd4 0-1

[Event "*** Titled Tuesday Blitz"]
[Site "Chess.com"]
[Date "2021.03.02"]
[Round "3"]
[White "zmeeed67"]
[Black "Buryshin_Vasyl"]
[Result "1-0"]
[WhiteElo "2434"]
[BlackElo "2216"]
[TimeControl "180+1"]
[EndTime "10:26:33 PST"]
[Termination "zmeeed67 won by resignation"]

1. d4 f5 2. e4 fxe4 3. Nc3 Nf6 4.
Bg5 e6 5. Nxe4 Be7 6. Bxf6 Bxf6 7. Qh5+ g6 8. Qh6 Nc6 9. Nf3 b6 10. O-O-O Bb7 11. Bd3 Qe7 12. d5 exd5 13. Nxf6+ Qxf6 14. Rhe1+ Kd8 15. Ng5 d6 16. Nxh7 Kd7 17. Nxf6+ 1-0

[Event "*** Titled Tuesday Blitz"]
[Site "Chess.com"]
[Date "2021.03.02"]
[Round "3"]
[White "XxPetroffsxX"]
[Black "Blitzking642"]
[Result "0-1"]
[WhiteElo "2142"]
[BlackElo "2353"]
[TimeControl "180+1"]
[EndTime "10:26:33 PST"]
[Termination "Blitzking642 won by resignation"]

1. d4 Nf6 2. c4 c5 3. d5 b5 4. cxb5 a6 5. bxa6 g6 6. Nc3 Bxa6 7. e4 Bxf1 8. Kxf1 d6 9. g3 Bg7 10. Kg2 O-O 11. Nf3 Qb6 12. h3 Na6 13. Re1 Rfb8 14. e5 dxe5 15. Nxe5 Nb4 16. a3 Nbxd5 17. Nxd5 Qb7 18.
Qf3 Qxd5 19. Qxd5 Nxd5 20. Nc6 Rb7 21. a4 Ra6 22. Ne5 Nb4 23. Re2 Re6 24. f4 f6 25.
a5 fxe5 26. fxe5 Rxe5 27. Rxe5 Bxe5 28. Be3 Nc2 0-1

[Event "*** Titled Tuesday Blitz"]
[Site "Chess.com"]
[Date "2021.03.02"]
[Round "3"]
[White "jacky72"]
[Black "kuban1991"]
[Result "0-1"]
[WhiteElo "2687"]
[BlackElo "2944"]
[TimeControl "180+1"]
[EndTime "10:26:34 PST"]
[Termination "kuban1991 won by resignation"]

1. d4 g6 2. c4 Bg7 3. Nc3 c5 4. d5 Bxc3+ 5. bxc3 f5 6. e4 fxe4 7. Qc2 Qa5 8. Bd2 Nf6 9. Ne2 d6 10. Ng3 Bf5 11. Nxf5 gxf5 12. Be2 Nbd7 13. O-O O-O-O 14. a4 Rhg8 15. Kh1 Rg6 16. Rab1 Rdg8 17. g3 h5 18. Rb5 Qc7 19. Rfb1 h4 20. Rxb7 Qxb7 21. Rxb7 Kxb7 22. Qb2+ Kc7 23. Qb5 Rb8 24. Qa5+ Kb7 25.
Kg2 hxg3 26. hxg3 a6 27. Be3 Rh8 28. Kf1 Ng4 29. Bxg4 Rxg4 30. Ke2 Rgg8 31. Kd2 Rc8 32. Ke2 Ne5 33. Bxc5 dxc5 34. Qxc5 Rxc5 0-1

[Event "*** Titled Tuesday Blitz"]
[Site "Chess.com"]
[Date "2021.03.02"]
[Round "3"]
[White "SanchezKelvin"]
[Black "chessdjw"]
[Result "0-1"]
[WhiteElo "2444"]
[BlackElo "2745"]
[TimeControl "180+1"]
[EndTime "10:26:35 PST"]
[Termination "chessdjw won by resignation"]

1. d4 Nf6 2. c4 e6 3. Nf3 d5 4. Nc3 Bb4 5. Bg5 h6 6. Bxf6 Qxf6 7. e3 O-O 8. Rc1 dxc4 9. Bxc4 c5 10. O-O cxd4 11. Qxd4 Qxd4 12. Nxd4 Bd7 13. a3 Ba5 14.
Rfd1 Rd8 15. b4 Bb6 16. a4 a6 17. a5 Ba7 18. Nb3 Nc6 19. Na2 Ne5 20. Nd4 Nxc4 21. Rxc4 e5 22. Nb3 Be6 0-1

[Event "*** Titled Tuesday Blitz"]
[Site "Chess.com"]
[Date "2021.03.02"]
[Round "3"]
[White "MarcLonoff"]
[Black "PlotnikovPavel"]
[Result "0-1"]
[WhiteElo "2122"]
[BlackElo "2481"]
[TimeControl "180+1"]
[EndTime "10:26:39 PST"]
[Termination "PlotnikovPavel won by checkmate"]

1. c4 e6 2. e4 d5 3. exd5 exd5 4. cxd5 Nf6 5. Bb5+ Bd7 6. Bc4 Be7 7. Nc3 O-O 8.
Nf3 a6 9. O-O b5 10. Bb3 Bg4 11. h3 Bh5 12. g4 Bg6 13. Ne5 b4 14. Nxg6 hxg6 15. Na4 Nxd5 16. Qf3 c6 17. d4 Bf6 18. Be3 Ra7 19. Rac1 Re7 20. Nc5 Rfe8 21. g5 Rxe3 22.
fxe3 Rxe3 23. Qf2 Bxd4 24. Qxf7+ Kh7 25. Kh2 Be5+ 26. Kh1 Rxh3+ 27. Kg2 Rh2+ 28. Kf3 Qxg5 29. Rh1 Qg2# 0-1

[Event "*** Titled Tuesday Blitz"]
[Site "Chess.com"]
[Date "2021.03.02"]
[Round "3"]
[White "Sanyura"]
[Black "Forantes"]
[Result "0-1"]
[WhiteElo "2598"]
[BlackElo "2427"]
[TimeControl "180+1"]
[EndTime "10:26:40 PST"]
[Termination "Forantes won by resignation"]

1. e4 c5 2. Nf3 Nc6 3. d4 cxd4 4. Nxd4 e5 5. Nb5 a6 6. Nd6+ Bxd6 7. Qxd6 Qf6 8. Qxf6 Nxf6 9. Nc3 Nb4 10. Bd3 b5 11.
Bg5 Bb7 12. O-O-O Nxd3+ 13. Rxd3 Nxe4 14. Nxe4 Bxe4 15. Re3 d5 16. f3 Bf5 17. Rxe5+ Be6 18.
f4 g6 19. Bf6 O-O 20. h4 h5 21. Rf1 Rfc8 22. Rg5 Kf8 23. c3 Ke8 24. Kd2 Kd7 25. Bd4 Rc4 26. Re1 Rac8 27. g4 hxg4 28. h5 Bf5 29. h6 Rxd4+ 30. cxd4 Rc2+ 31. Ke3 Rh2 32. Rg1 Rxh6 33. Kf2 Rh2+ 34. Kg3 Rh3+ 35. Kg2 Rd3 36. Kf2 Rxd4 37. Ke3 Re4+ 38. Kd2 Rxf4 39. Rh1 f6 40. Rh7+ Ke6 41. Ke3 0-1

[Event "*** Titled Tuesday Blitz"]
[Site "Chess.com"]
[Date "2021.03.02"]
[Round "3"]
[White "NicoChasin"]
[Black "FredyMatsuura"]
[Result "1-0"]
[WhiteElo "2541"]
[BlackElo "2330"]
[TimeControl "180+1"]
[EndTime "10:26:40 PST"]
[Termination "NicoChasin won on time"]

1. d4 d5 2. c4 e6 3. Nf3 Nf6 4.
Nbd2 Be7 5. e3 O-O 6. b3 b6 7.
Bb2 Bb7 8. Bd3 c5 9. O-O cxd4 10.
Nxd4 Nbd7 11. cxd5 Nxd5 12. Rc1 Rc8 13. Qe2 Nc5 14. Bb1 Bf6 15. Nc4 Qe7 16. Rfd1 g6 17. e4 Nf4 18. Qf3 e5 19. Nb5 Rcd8 20. Nbd6 Ba8 21.
g3 Nh5 22. Nf5 gxf5 23. Qxh5 fxe4 24. Nxe5 Nd3 25. Nxd3 exd3 26. Rxd3 Bxb2 27. Rd7 1-0

[Event "*** Titled Tuesday Blitz"]
[Site "Chess.com"]
[Date "2021.03.02"]
[Round "3"]
[White "aa175"]
[Black "Smile2005"]
[Result "1-0"]
[WhiteElo "2546"]
[BlackElo "2353"]
[TimeControl "180+1"]
[EndTime "10:26:43 PST"]
[Termination "aa175 won by resignation"]

1. d4 Nf6 2. Bf4 g6 3. e3 Bg7 4.
Nf3 O-O 5. Be2 d5 6. O-O c5 7. c3 Nc6 8. Nbd2 Nd7 9. Nb3 c4 10. Nbd2 e5 11. dxe5 Ndxe5 12. Nxe5 Nxe5 13. Nf3 Nc6 14.
Qa4 h6 15. Rfd1 Be6 16. Bxc4 dxc4 17. Rxd8 Rfxd8 18. Nd4 Nxd4 19. cxd4 Bd5 20. f3 a6 21. Be5 b5 22. Qb4 Bxe5 23. dxe5 Be6 24. e4 Rd3 25. Qa5 Kg7 26. h3 h5 27. Qb6 Rd2 28.
b4 c3 29. Rc1 Rc8 30. Qe3 Rxa2 31. Rxc3 Rd8 32. Qg5 Rc8 33. Qf6+ Kg8 34. Rxc8+ Bxc8 35. Qd8+ Kg7 36. Qxc8 Rb2 37. e6 fxe6 38. Qc3+ 1-0

[Event "*** Titled Tuesday Blitz"]
[Site "Chess.com"]
[Date "2021.03.02"]
[Round "3"]
[White "JimmmyZhang"]
[Black "Make_it_shine060"]
[Result "0-1"]
[WhiteElo "2493"]
[BlackElo "2271"]
[TimeControl "180+1"]
[EndTime "10:26:43 PST"]
[Termination "Make_it_shine060 won by resignation"]

1. d4 Nf6 2. Nc3 d5 3. Bg5 Ne4 4. Nxe4 dxe4 5. e3 g6 6. Ne2 Bg7 7. h4 c5 8. c3 Nc6 9. Qd2 Bg4 10. Nf4 h6 11. Bxh6 Bxh6 12. d5 Ne5 13. Nh3 Qd7 14. a4 a6 15. Nf4 Bxf4 16. exf4 Nd3+ 17.
Bxd3 exd3 18. Qxd3 Bf5 19. Qd2 Rd8 20. c4 e6 21. Qc3 Rh7 22. O-O Kf8 23. g3 exd5 24. cxd5 Kg8 25. Rfd1 Be4 26. Qxc5 Qh3 0-1

[Event "*** Titled Tuesday Blitz"]
[Site "Chess.com"]
[Date "2021.03.02"]
[Round "3"]
[White "Witik"]
[Black "jefferyx"]
[Result "0-1"]
[WhiteElo "2710"]
[BlackElo "3026"]
[TimeControl "180+1"]
[EndTime "10:26:44 PST"]
[Termination "jefferyx won on time"]

1. d4 Nf6 2. Bf4 d5 3. e3 Bf5 4. c4 e6 5. Nc3 Bb4 6. Nf3 c5 7. Bd3 cxd4 8. Nxd4 Bxc3+ 9. bxc3 Bxd3 10. Qxd3 Nbd7 11. Nb5 e5 12. Nd6+ Kf8 13. Nxb7 Qc7 14.
Bg3 Qxb7 15. O-O dxc4 16. Qd6+ Kg8 17. Rab1 Qd5 18. Qc7 h6 19. Rfd1 Qe4 20. Rb7 Kh7 21. h3 Rhc8 22. Rxd7 Rxc7 23. Rdxc7 Rf8 24. Rxa7 Nd5 25.
Rc5 Nxc3 26. Kh2 Ne2 27. Bxe5 Qb1 28. h4 c3 29. Rcc7 Qe4 0-1

[Event "*** Titled Tuesday Blitz"]
[Site "Chess.com"]
[Date "2021.03.02"]
[Round "3"]
[White "vugarrasulov"]
[Black "chessablanca"]
[Result "1-0"]
[WhiteElo "2794"]
[BlackElo "2598"]
[TimeControl "180+1"]
[EndTime "10:26:45 PST"]
[Termination "vugarrasulov won by resignation"]

1. e4 e5 2. Nf3 Nc6 3. Bc4 Bc5 4. O-O Nf6 5. c3 d6 6. d4 exd4 7. cxd4 Bb6 8. h3 h6 9. Nc3 O-O 10. Re1 Re8 11. Bf4 Ne7 12. Bb3 Ng6 13. Bh2 Be6 14.
Ba4 Rf8 15. Qc2 d5 16. e5 Nh7 17. Qd3 Ne7 18. Rad1 c6 19. Bc2 g6 20. Qd2 Kg7 21.
Ne2 Bf5 22. e6 fxe6 23. Bxf5 Nxf5 24. Nf4 Re8 25. Nxe6+ Rxe6 26. Rxe6 Nf8 27. Re2 Bc7 28. Bxc7 Qxc7 29. Rde1 Nd7 30. g4 Nd6 31. Re7+ Nf7 32. Rxf7+ Kxf7 33. Qxh6 Nf8 34. Ne5+ Kf6 35. g5+ Kf5 36.
Qh4 1-0

[Event "*** Titled Tuesday Blitz"]
[Site "Chess.com"]
[Date "2021.03.02"]
[Round "3"]
[White "ulkaf961"]
[Black "TorFredrikKaasen"]
[Result "0-1"]
[WhiteElo "2359"]
[BlackElo "2730"]
[TimeControl "180+1"]
[EndTime "10:26:45 PST"]
[Termination "TorFredrikKaasen won by resignation"]

1. d4 Nf6 2. c4 g6 3. Nc3 Bg7 4.
e4 d6 5. f4 O-O 6. Be2 c5 7.
d5 e6 8. Nf3 exd5 9. cxd5 Nbd7 10. e5 dxe5 11. fxe5 Ng4 12. e6 Nde5 13. Ng5 fxe6 14.
Bxg4 Nxg4 15. Qxg4 exd5 16. Qh4 h6 17. Nf3 g5 18. Bxg5 hxg5 19. Nxg5 Qe8+ 20. Kd2 Bf5 21. Rae1 Qg6 22. Nxd5 Rad8 23. Qc4 Qxg5+ 0-1

[Event "*** Titled Tuesday Blitz"]
[Site "Chess.com"]
[Date "2021.03.02"]
[Round "3"]
[White "urutodo"]
[Black "gemarin"]
[Result "1-0"]
[WhiteElo "2305"]
[BlackElo "1898"]
[TimeControl "180+1"]
[EndTime "10:26:45 PST"]
[Termination "urutodo won by resignation"]

1. e4 c5 2. Nf3 d6 3. c3 Nf6 4. Bd3 g6 5. Bc2 Bg7 6. O-O O-O 7. Re1 Nc6 8. h3 b6 9. d4 Bb7 10. Nbd2 Rc8 11. d5 Nb8 12. Nf1 c4 13. Nd4 Nfd7 14. Bg5 h6 15. Be3 Kh7 16. h4 h5 17. Nh2 Nc5 18. Nhf3 f6 19. b4 cxb3 20. axb3 Rh8 21. b4 Ncd7 22. Ne6 Qe8 23. Rxa7 Ba6 24. Bd3 Bxd3 25.
Qxd3 Rg8 26. Rea1 Nf8 27. Nfd4 Nfd7 28. f4 Bh6 29. Rb7 1-0

[Event "*** Titled Tuesday Blitz"]
[Site "Chess.com"]
[Date "2021.03.02"]
[Round "3"]
[White "ludogoretz"]
[Black "gixfantastix"]
[Result "1/2-1/2"]
[WhiteElo "2310"]
[BlackElo "2036"]
[TimeControl "180+1"]
[EndTime "10:26:47 PST"]
[Termination "Game drawn by repetition"]

1. d4 Nf6 2. Bg5 Ne4 3. Bf4 c5 4. e3 Qb6 5. b3 d5 6. Nf3 Qb4+ 7. Nbd2 Nc3 8. Qc1 Bg4 9. Bd3 Bxf3 10. gxf3 cxd4 11.
O-O dxe3 12. fxe3 Nc6 13. a3 Qb6 14. Qb2 e5 15. Qxc3 exf4 16. Rae1 Bxa3 17. Bf5 O-O 18. Kh1 fxe3 19. Rg1 g6 20. Nb1 Bb4 21. Qf6 Bxe1 22.
Bxg6 fxg6 23. Rxg6+ hxg6 24. Qxg6+ Kh8 25. Qh6+ Kg8 26.
Qg6+ Kh8 27. Qh6+ Kg8 28. Qg6+ 1/2-1/2

[Event "*** Titled Tuesday Blitz"]
[Site "Chess.com"]
[Date "2021.03.02"]
[Round "3"]
[White "ChessWarrior7197"]
[Black "PaulfromSPb"]
[Result "0-1"]
[WhiteElo "2913"]
[BlackElo "2695"]
[TimeControl "180+1"]
[EndTime "10:26:49 PST"]
[Termination "PaulfromSPb won by resignation"]

1. c4 e5 2. g3 Nc6 3. Bg2 f5 4. Nc3 Nf6 5. e3 e4 6. d3 exd3 7. Nh3 Bb4 8. Bd2 Ne5 9. Qb3 Ba5 10.
O-O c6 11. Qa3 Nxc4 12. Qc5 Nxd2 13. Qe5+ Qe7 14. Qxa5 Nxf1 15. Bxf1 d5 16. Bxd3 O-O 17. Nf4 Ne4 18. Nce2 g5 19. Ng2 b6 20. Qe1 Bd7 21.
Rd1 Rae8 22. Bb1 Qg7 23. b4 f4 24. f3 Bh3 25. fxe4 f3 26. Ngf4 fxe2 27. Nxe2 Rf1+ 28. Qxf1 Bxf1 29. Rxf1 Rf8 30. Nd4 Rxf1+ 31. Kxf1 c5 32.
bxc5 bxc5 33. Nb3 Qb2 0-1

[Event "*** Titled Tuesday Blitz"]
[Site "Chess.com"]
[Date "2021.03.02"]
[Round "3"]
[White "Natalya_Buksa"]
[Black "FMalexhdez"]
[Result "1-0"]
[WhiteElo "2483"]
[BlackElo "2159"]
[TimeControl "180+1"]
[EndTime "10:26:49 PST"]
[Termination "Natalya_Buksa won on time"]

1. d4 Nf6 2. Nc3 d5 3. Bf4 c6 4.
e3 g6 5. h4 h5 6. Nf3 Bg7 7. Ne5 Nbd7 8. Be2 Nxe5 9. Bxe5 b5 10. f3 a5 11. g4 hxg4 12. fxg4 b4 13. Na4 Ba6 14. Bxa6 Rxa6 15. Qd3 Ra7 16. O-O-O Qd7 17. Rdg1 Rh7 18. h5 Nxg4 19. hxg6 Rxh1 20. Rxh1 Nxe5 21.
dxe5 Qg4 22. gxf7+ Kxf7 23. Nc5 Ra8 24. e6+ Ke8 25.
Qh7 1-0

[Event "*** Titled Tuesday Blitz"]
[Site "Chess.com"]
[Date "2021.03.02"]
[Round "3"]
[White "igorcadilhac"]
[Black "Artem_Koval"]
[Result "1-0"]
[WhiteElo "2408"]
[BlackElo "2206"]
[TimeControl "180+1"]
[EndTime "10:26:49 PST"]
[Termination "igorcadilhac won on time"]

1. e4 c5 2. Nf3 d6 3. d4 cxd4 4. Nxd4 Nf6 5. Nc3 a6 6. Bc4 e6 7. Bb3 Be7 8. f4 O-O 9. f5 e5 10. Nde2 b5 11. Bg5 Nbd7 12. Qd2 Bb7 13. Ng3 b4 14. Na4 Nxe4 15. Nxe4 Bxe4 16. Bxe7 Qxe7 17. O-O-O Nc5 18. Qxb4 Bxf5 19. Nc3 Be6 20. Nd5 Nxb3+ 21. axb3 Qg5+ 22. Kb1 Rad8 23. h4 Qg4 24. Qb7 a5 25. h5 h6 26. Rd3 a4 27. Rhd1 axb3 28. Qxb3 1-0

[Event "*** Titled Tuesday Blitz"]
[Site "Chess.com"]
[Date "2021.03.02"]
[Round "3"]
[White "AleksanderHnydiuk"]
[Black "Schachspielerr"]
[Result "0-1"]
[WhiteElo "2485"]
[BlackElo "2699"]
[TimeControl "180+1"]
[EndTime "10:26:52 PST"]
[Termination "Schachspielerr won by resignation"]

1. d4 Nf6 2. c4 e6 3. Nc3 Bb4 4. Qc2 O-O 5. a3 Bxc3+ 6. Qxc3 b6 7.
Bg5 Bb7 8. e3 h6 9. Bh4 d6 10. Ne2 Nbd7 11. Qc2 Rc8 12. Nc3 c5 13. Rd1 Qe7 14. f3 d5 15. cxd5 exd5 16. Bf2 cxd4 17. Rxd4 Nc5 18. Be2 Ne6 19. Rd1 d4 20. exd4 Nf4 21.
Kf1 Rfe8 22. Bb5 N6d5 23. Re1 Qg5 24. Rxe8+ Rxe8 25. g3 Nxc3 26. Qxc3 Qxb5+ 0-1

[Event "*** Titled Tuesday Blitz"]
[Site "Chess.com"]
[Date "2021.03.02"]
[Round "3"]
[White "DonPreuss"]
[Black "Moon_stone123"]
[Result "1-0"]
[WhiteElo "2300"]
[BlackElo "2509"]
[TimeControl "180+1"]
[EndTime "10:26:53 PST"]
[Termination "DonPreuss won by resignation"]

1. d4 Nf6 2. Nc3 g6 3. e4 d6 4. f4 c6 5. Nf3 d5 6. e5 Ne4 7.
Bd3 Nxc3 8. bxc3 Bg4 9. O-O e6 10. h3 Bxf3 11. Qxf3 h5 12. a4 Nd7 13. Ba3 Bxa3 14.
Rxa3 Qe7 15. Raa1 h4 16. c4 dxc4 17. Bxc4 Kf8 18. Bd3 Kg7 19. c4 Rhd8 20. Qg4 Kh8 21. Be4 Nb6 22. f5 exf5 23. Bxf5 Rg8 24. Bd3 Rad8 25.
Rf6 Nd7 26. Qxh4+ Kg7 27. Rxg6+ Kf8 28. Rxg8+ Kxg8 29. Qxe7 1-0

[Event "*** Titled Tuesday Blitz"]
[Site "Chess.com"]
[Date "2021.03.02"]
[Round "3"]
[White "ChessQueen"]
[Black "Vamostodorecto"]
[Result "1-0"]
[WhiteElo "2729"]
[BlackElo "2436"]
[TimeControl "180+1"]
[EndTime "10:26:54 PST"]
[Termination "ChessQueen won on time"]

1. e4 e5 2. d4 exd4 3. c3 d3 4. Bxd3 Nc6 5. Nf3 d6 6. O-O Nf6 7. Re1 Be7 8. Nbd2 O-O 9. h3 h6 10. Nf1 Ne5 11. Bc2 Re8 12. Ng3 Bf8 13. Nd4 g6 14. f4 Nc6 15. Qf3 Bg7 16. Be3 Bd7 17. Rad1 Qe7 18. Bf2 Qf8 19. Bb3 a5 20. Nb5 a4 21. Bc2 Rec8 22. e5 dxe5 23. fxe5 Nd5 24. Qxd5 Be6 25. Qe4 Nxe5 26. Bd4 Nc6 27. Bxg7 Kxg7 28.
Nd4 Nxd4 29. Qxd4+ Kh7 30. Ne4 Qg7 31. Nf6+ Kh8 32.
Nd5 Qxd4+ 33. Rxd4 Kg7 34. Nf4 1-0